SL
BUCKHEAD BOWTIES @ GREENVILLE 84S
05/06/2041
 
TOP OF THE 1ST
Buckhead Bowties batting - Pitching for Greenville 84s : RHP Javier Montés
Pitching: RHP Javier Montés
Batting: LHB Charles Godard 0-0: Ball
1-0: Ground out 6-3 (Groundball, 4M, EV 85.6 MPH)
Batting: LHB Marcus Shill 0-0: Ball
1-0: SINGLE (Groundball, 34D, EV 94.4 MPH)
Batting: LHB Spencer Powell 0-0: Foul Ball, location: 2F
0-1: Ball
1-1: Swinging Strike
1-2: Grounds into double play, 4-6-3 (Groundball, 4S, EV 86.9 MPH)
Top of the 1st over - 0 runs, 1 hit, 0 errors, 0 left on base; Buckhead 0 - Greenville 0
BOTTOM OF THE 1ST
Greenville 84s batting - Pitching for Buckhead Bowties : RHP Leon von Stroheim
Pitching: RHP Leon von Stroheim
Batting: SHB Glyn Bolasky 0-0: Fly out, F9 (Flyball, 9, EV 86.9 MPH)
Batting: LHB Philip Visscher 0-0: Foul Ball, location: 2F
0-1: Foul Ball, location: 2F
0-2: Fly out, F8 (Flyball, 8LS, EV 80.0 MPH)
Batting: RHB Ángelo Delgado 0-0: Called Strike
0-1: Ball
1-1: Swinging Strike
1-2: DOUBLE (Groundball, 3L, EV 104.4 MPH)
Batting: LHB Chris Payling 0-0: Ball
1-0: Ground out 4-3 (Groundball, 4, EV 102.5 MPH)
Bottom of the 1st over - 0 runs, 1 hit, 0 errors, 1 left on base; Buckhead 0 - Greenville 0
TOP OF THE 2ND
Buckhead Bowties batting - Pitching for Greenville 84s : RHP Javier Montés
Batting: RHB Hugh Mungus 0-0: Ball
1-0: Ball
2-0: Foul Ball, location: 2F
2-1: Called Strike
2-2: Ball
3-2: SINGLE (Line Drive, 56, EV 94.4 MPH)
Batting: SHB Tony Manzanares 0-0: SINGLE (Groundball, 4MD, EV 108.8 MPH)
Hugh Mungus to second
Runner from 2nd tries for 3rd, SAFE, no throw by CF
Batting: RHB Barsati Saraf 0-0: Ball
1-0: Ball
2-0: Ball
3-0: Called Strike
3-1: Foul Ball, location: 2F
3-2: Fly out, F7 (Flyball, 7, EV 92.5 MPH)
Runner from 3rd tags up, SCORES, throw by LF
Batting: SHB Silvio Capitanio 0-0: Swinging Strike
0-1: Called Strike
0-2: Fly out, F9 (Line Drive, 9, EV 93.8 MPH)
Batting: RHB César Guerra 0-0: Foul Ball, location: 2F
0-1: Ball
1-1: Fielders Choice at 2nd, 6-4 (Groundball, 6, EV 98.1 MPH)
Top of the 2nd over - 1 run, 2 hits, 0 errors, 1 left on base; Buckhead 1 - Greenville 0
BOTTOM OF THE 2ND
Greenville 84s batting - Pitching for Buckhead Bowties : RHP Leon von Stroheim
Batting: RHB Gil Andersen 0-0: Ball
1-0: Fly out, F8 (Flyball, 8RS, EV 85.6 MPH)
Batting: LHB Roberts Hamhock 0-0: Foul Ball, location: 2F
0-1: Ground out 6-3 (Groundball, 4MD, EV 87.5 MPH)
Batting: RHB António Macías 0-0: Fly out, F8 (Flyball, 8RS, EV 88.1 MPH)
Bottom of the 2nd over - 0 runs, 0 hits, 0 errors, 0 left on base; Buckhead 1 - Greenville 0
TOP OF THE 3RD
Buckhead Bowties batting - Pitching for Greenville 84s : RHP Javier Montés
Batting: SHB Arend van der Veen 0-0: Ball
1-0: Ball
2-0: Ball
3-0: Foul Ball, location: 2F
3-1: Called Strike
3-2: Ground out 4-3 (Groundball, 4, EV 84.4 MPH)
Batting: LHB Charles Godard 0-0: Fly out, F8 (Flyball, 89D, EV 84.4 MPH)
Batting: LHB Marcus Shill 0-0: Ball
1-0: Called Strike
1-1: Ball
2-1: Foul Ball, location: 2F
2-2: Fly out, F8 (Flyball, 89M, EV 88.8 MPH)
Top of the 3rd over - 0 runs, 0 hits, 0 errors, 0 left on base; Buckhead 1 - Greenville 0
BOTTOM OF THE 3RD
Greenville 84s batting - Pitching for Buckhead Bowties : RHP Leon von Stroheim
Batting: LHB Lung Chaim 0-0: Ball
1-0: Ball
2-0: Called Strike
2-1: Fly out, F9 (Flyball, 9, EV 91.2 MPH)
Batting: RHB Juan Jose Ayala 0-0: Foul Ball, location: 2F
0-1: Ball
1-1: Foul Ball, location: 2F
1-2: Foul Ball, location: 2F
1-2: Foul Ball, location: 2F
1-2: Foul Ball, location: 2F
1-2: Strikes out looking
Batting: SHB Glyn Bolasky 0-0: Foul Ball, location: 2F
0-1: Called Strike
0-2: Fly out, F6 (Popup, 6D, EV 53.8 MPH)
Bottom of the 3rd over - 0 runs, 0 hits, 0 errors, 0 left on base; Buckhead 1 - Greenville 0
TOP OF THE 4TH
Buckhead Bowties batting - Pitching for Greenville 84s : RHP Javier Montés
Batting: LHB Spencer Powell 0-0: Ball
1-0: Fly out, F4 (Popup, 4, EV 63.8 MPH)
Batting: RHB Hugh Mungus 0-0: Called Strike
0-1: Called Strike
0-2: Ground out U3 (Groundball, 3, EV 84.4 MPH)
Batting: SHB Tony Manzanares 0-0: Fly out, F7 (Flyball, 7, EV 96.9 MPH)
Top of the 4th over - 0 runs, 0 hits, 0 errors, 0 left on base; Buckhead 1 - Greenville 0
BOTTOM OF THE 4TH
Greenville 84s batting - Pitching for Buckhead Bowties : RHP Leon von Stroheim
Batting: LHB Philip Visscher 0-0: Called Strike
0-1: Ball
1-1: Ball
2-1: Ball
3-1: Fly out, F5 (Popup, 56, EV 63.8 MPH)
Batting: RHB Ángelo Delgado 0-0: Foul Ball, location: 2F
0-1: SINGLE (Line Drive, 89S, EV 95.0 MPH)
Batting: LHB Chris Payling 0-0: Foul Ball, location: 2F
0-1: Foul Ball, location: 2F
0-2: Ball
1-2: Fly out, F7 (Line Drive, 7S, EV 109.4 MPH)
Batting: RHB Gil Andersen 0-0: SINGLE (Line Drive, 3D, EV 101.9 MPH)
Ángelo Delgado to second
Batting: LHB Roberts Hamhock 0-0: Foul Ball, location: 2F
0-1: Ball
1-1: Ball
2-1: Foul Ball, location: 2F
2-2: Fly out, F7 (Flyball, 7, EV 91.9 MPH)
Bottom of the 4th over - 0 runs, 2 hits, 0 errors, 2 left on base; Buckhead 1 - Greenville 0
TOP OF THE 5TH
Buckhead Bowties batting - Pitching for Greenville 84s : RHP Javier Montés
Batting: RHB Barsati Saraf 0-0: Called Strike
0-1: Called Strike
0-2: Foul Ball, location: 2F
0-2: Ball
1-2: Strikes out swinging
Batting: SHB Silvio Capitanio 0-0: Ball
1-0: Ball
2-0: Called Strike
2-1: Swinging Strike
2-2: Fly out, F8 (Flyball, 8RD, EV 96.2 MPH)
Batting: RHB César Guerra 0-0: Ball
1-0: Ball
2-0: Called Strike
2-1: Called Strike
2-2: SINGLE (Groundball, 56D, EV 96.2 MPH)
Batting: SHB Arend van der Veen 0-0: Swinging Strike
0-1: Called Strike
0-2: Ball
Wild Pitch!
César Guerra to second
1-2: Strikes out swinging
Top of the 5th over - 0 runs, 1 hit, 0 errors, 1 left on base; Buckhead 1 - Greenville 0
BOTTOM OF THE 5TH
Greenville 84s batting - Pitching for Buckhead Bowties : RHP Leon von Stroheim
Batting: RHB António Macías 0-0: Foul Ball, location: 2F
0-1: Foul Ball, location: 2F
0-2: Foul Ball, location: 2F
0-2: Fly out, F8 (Flyball, 78D, EV 100.0 MPH)
Batting: LHB Lung Chaim 0-0: Called Strike
0-1: Ball
1-1: Ball
2-1: Ball
3-1: Called Strike
3-2: Base on Balls
Batting: RHB Juan Jose Ayala 0-0: Ball
1-0: Grounds into double play, 6-4-3 (Groundball, 6, EV 92.5 MPH)
Bottom of the 5th over - 0 runs, 0 hits, 0 errors, 0 left on base; Buckhead 1 - Greenville 0
TOP OF THE 6TH
Buckhead Bowties batting - Pitching for Greenville 84s : RHP Javier Montés
Batting: LHB Charles Godard 0-0: Foul Ball, location: 2F
0-1: Ball
1-1: Called Strike
1-2: Foul Ball, location: 2F
1-2: Foul Ball, location: 2F
1-2: Foul Ball, location: 2F
1-2: Ball
2-2: Ground out 6-3 (Groundball, 6, EV 86.2 MPH)
Batting: LHB Marcus Shill 0-0: Ball
1-0: Fly out, F8 (Line Drive, 8LD, EV 91.9 MPH)
Batting: LHB Spencer Powell 0-0: Called Strike
0-1: Foul Ball, location: 2F
0-2: Fly out, F7 (Line Drive, 7, EV 100.0 MPH)
Top of the 6th over - 0 runs, 0 hits, 0 errors, 0 left on base; Buckhead 1 - Greenville 0
BOTTOM OF THE 6TH
Greenville 84s batting - Pitching for Buckhead Bowties : RHP Leon von Stroheim
Batting: SHB Glyn Bolasky 0-0: Fly out, F8 (Line Drive, 8LD, EV 95.0 MPH)
Batting: LHB Philip Visscher 0-0: Ball
1-0: Ball
2-0: Called Strike
2-1: SINGLE (Groundball, 4MD, EV 102.5 MPH)
Batting: RHB Ángelo Delgado 0-0: Fly out, F7 (Flyball, 7D, EV 86.2 MPH)
Batting: LHB Chris Payling 0-0: Ball
1-0: Ball
2-0: Called Strike
2-1: Ball
3-1: Base on Balls
Philip Visscher to second
Batting: RHB Gil Andersen 0-0: Swinging Strike
0-1: Foul Ball, location: 2F
0-2: Foul Ball, location: 2F
0-2: Foul Ball, location: 2F
0-2: Foul Ball, location: 2F
0-2: Ground out 4-3 (Groundball, 4S, EV 71.2 MPH)
Bottom of the 6th over - 0 runs, 1 hit, 0 errors, 2 left on base; Buckhead 1 - Greenville 0
TOP OF THE 7TH
Buckhead Bowties batting - Pitching for Greenville 84s : RHP Javier Montés
Batting: RHB Hugh Mungus 0-0: Called Strike
0-1: Swinging Strike
0-2: Foul Ball, location: 2F
0-2: Foul Ball, location: 2F
0-2: Reached on error, E6 (Groundball, 56, EV 104.4 MPH)
Pitching: RHP Dave Lawson
Batting: SHB Tony Manzanares 0-0: Called Strike
0-1: Fly out, F7 (Flyball, 7LM, EV 80.6 MPH)
Batting: RHB Barsati Saraf 0-0: Ball
1-0: Ground out 3-1 (Groundball, 34, EV 105.0 MPH)
Hugh Mungus to third
Batting: SHB Silvio Capitanio 0-0: Foul Ball, location: 2F
0-1: Ball
1-1: Foul Ball, location: 2F
1-2: Foul Ball, location: 2F
1-2: Ball
2-2: Ball
3-2: Ground out 4-3 (Groundball, 4, EV 100.6 MPH)
Top of the 7th over - 0 runs, 0 hits, 1 error, 1 left on base; Buckhead 1 - Greenville 0
BOTTOM OF THE 7TH
Greenville 84s batting - Pitching for Buckhead Bowties : RHP Leon von Stroheim
Batting: LHB Roberts Hamhock 0-0: Ball
1-0: Swinging Strike
1-1: Ground out 4-3 (Groundball, 4, EV 75.6 MPH)
Batting: RHB António Macías 0-0: Foul Ball, location: 2F
0-1: Ball
1-1: Fly out, F8 (Flyball, 8LD, EV 98.1 MPH)
Batting: LHB Lung Chaim 0-0: Ball
1-0: Swinging Strike
1-1: Foul Ball, location: 2F
1-2: Foul Ball, location: 2F
1-2: Foul Ball, location: 2F
1-2: Strikes out swinging
Bottom of the 7th over - 0 runs, 0 hits, 0 errors, 0 left on base; Buckhead 1 - Greenville 0
TOP OF THE 8TH
Buckhead Bowties batting - Pitching for Greenville 84s : RHP Dave Lawson
Batting: RHB César Guerra 0-0: Ball
1-0: Ball
2-0: SINGLE (Line Drive, 78M, EV 106.2 MPH)
Batting: SHB Arend van der Veen 0-0: Grounds into double play, 4-6-3 (Groundball, 34, EV 82.5 MPH)
Batting: LHB Charles Godard 0-0: Called Strike
0-1: Ground out 4-3 (Groundball, 4, EV 76.9 MPH)
Top of the 8th over - 0 runs, 1 hit, 0 errors, 0 left on base; Buckhead 1 - Greenville 0
BOTTOM OF THE 8TH
Greenville 84s batting - Pitching for Buckhead Bowties : RHP Leon von Stroheim
Batting: RHB Juan Jose Ayala 0-0: Ball
1-0: Ball
2-0: Called Strike
2-1: Swinging Strike
2-2: Ground out 6-3 (Groundball, 56S, EV 68.8 MPH)
Batting: SHB Glyn Bolasky 0-0: Ball
1-0: Called Strike
1-1: Called Strike
1-2: Ground out 1-3 (Groundball, 15, EV 61.2 MPH)
Batting: LHB Philip Visscher 0-0: Ground out 4-3 (Groundball, 4M, EV 91.2 MPH)
Bottom of the 8th over - 0 runs, 0 hits, 0 errors, 0 left on base; Buckhead 1 - Greenville 0
TOP OF THE 9TH
Buckhead Bowties batting - Pitching for Greenville 84s : RHP Dave Lawson
Batting: LHB Marcus Shill 0-0: Ball
1-0: SOLO HOME RUN (Flyball, 8RXD, EV 96.9 MPH), Distance : 425 ft
Batting: LHB Spencer Powell 0-0: Called Strike
0-1: Ball
1-1: Swinging Strike
1-2: Fly out, F9 (Flyball, 89S, EV 95.6 MPH)
Batting: RHB Hugh Mungus 0-0: Called Strike
0-1: Ball
1-1: Foul Ball, location: 2F
1-2: Ball
2-2: Ball
3-2: Base on Balls
Batting: SHB Tony Manzanares 0-0: Fly out, F7 (Flyball, 7S, EV 92.5 MPH)
Batting: RHB Barsati Saraf 0-0: Called Strike
0-1: Ball
1-1: Foul Ball, location: 2F
1-2: Foul Ball, location: 2F
1-2: Strikes out swinging
Top of the 9th over - 1 run, 1 hit, 0 errors, 1 left on base; Buckhead 2 - Greenville 0
BOTTOM OF THE 9TH
Greenville 84s batting - Pitching for Buckhead Bowties : RHP Leon von Stroheim
Pitching: RHP Roderick Miller
Batting: RHB Ángelo Delgado 0-0: Swinging Strike
0-1: Ball
1-1: Foul Ball, location: 2F
1-2: Ball
2-2: Ball
3-2: Base on Balls
Batting: LHB Chris Payling 0-0: Called Strike
0-1: Ball
1-1: SINGLE (Line Drive, 34D, EV 94.4 MPH)
Ángelo Delgado to second
Batting: RHB Gil Andersen 0-0: Called Strike
0-1: Swinging Strike
0-2: Fly out, F7 (Flyball, 7D, EV 92.5 MPH)
Runner from 2nd tags up, SAFE at 3rd, no throw by LF
Batting: LHB Roberts Hamhock 0-0: Ball
1-0: Ball
2-0: Ball
3-0: Called Strike
3-1: Swinging Strike
3-2: Foul Ball, location: 2F
3-2: Base on Balls
Chris Payling to second
Batting: RHB António Macías 0-0: Foul Ball, location: 2F
0-1: Ball
1-1: SINGLE (Line Drive, 8LS, EV 98.1 MPH)
Ángelo Delgado scores
Chris Payling to third
Roberts Hamhock to second
Runner from 3rd tries for Home, SAFE, throw by CF to home
Batting: LHB Lung Chaim 0-0: Called Strike
0-1: SINGLE (Groundball, 56S, EV 71.2 MPH) (infield hit)
Roberts Hamhock to third
António Macías to second
Batting: RHB Juan Jose Ayala 0-0: Ball
1-0: Ball
2-0: Ball
3-0: Called Strike
3-1: Grounds into fielders choice 4-2 (Groundball, 34S, EV 86.9 MPH)
António Macías to third
Lung Chaim to second
Batting: SHB Glyn Bolasky 0-0: Ball
1-0: Foul Ball, location: 2F
1-1: Ball
2-1: Ball
3-1: Base on Balls
António Macías scores
Lung Chaim to third
Juan Jose Ayala to second
Tuesday, January 5th, 2021 - OOTP Baseball 20.8 Build 74